 Dungeon Crawl Stone Soup version 0.22-a0-247-gbddf880757 (webtiles) character file.

921 Peterchen the Ruffian (level 7, -13/70 HPs)
             Began as a Troll Monk on Feb 23, 2018.
             Was a Believer of Nemelex Xobeh.
             Killed from afar by a quokka (18 damage)
             ... with an exploding inner flame
             ... hexed by the player character
             ... on level 10 of the Dungeon.
             The game lasted 00:13:29 (3148 turns).

Peterchen the Ruffian (Troll Monk)                  Turns: 3148, Time: 00:13:30

Health: -13/70     AC:  5    Str: 21    XL:     7   Next: 84%
Magic:  6/6        EV: 11    Int:  7    God:    Nemelex Xobeh [**....]
Gold:   240        SH:  0    Dex: 12    Spells: 6/6 levels left

rFire    + . .     SeeInvis .     - Unarmed
rCold    x . .     Gourm    +   (no shield)
rNeg     . . .     Faith    .   a - +0 robe
rPois    +         Spirit   .   (helmet restricted)
rElec    .         Reflect  .   (no cloak)
rCorr    .         Harm     .   (gloves unavailable)
MR       .....                  (boots unavailable)
Stlth    ++........             (no amulet)
HPRegen  0.61/turn              n - ring of poison resistance
MPRegen  0.10/turn              r - ring of fire

@: no status effects
A: large, unfitting armour, claws 3, fast metabolism 3, gourmand, regeneration
1, shaggy fur 1, tough skin 2
a: Renounce Religion


You were on level 10 of the Dungeon.
You worshipped Nemelex Xobeh.
Nemelex Xobeh was pleased with you.
You were completely stuffed.

You visited 1 branch of the dungeon, and saw 8 of its levels.

You collected 330 gold pieces.
You spent 90 gold pieces at shops.

Inventory:

Missiles
 f - 89 poisoned needles (quivered)
Armour
 a - a +0 robe (worn)
Jewellery
 n - a ring of poison resistance (left claw)
 r - a ring of fire (right claw)
 u - a +3 ring of intelligence
Scrolls
 e - 2 scrolls of magic mapping
 g - a scroll of amnesia
 h - a scroll of enchant weapon
 i - 2 scrolls of identify
 j - a scroll of remove curse
 k - 3 scrolls of teleportation
 m - 3 scrolls of enchant armour
 q - a scroll of fear
 s - a scroll of immolation
 z - a scroll of blinking {unknown}
Potions
 c - 2 potions of berserk rage
 d - 2 potions of flight {unknown}
 l - 3 potions of cancellation {unknown}
 t - a potion of experience {unknown}
 v - 3 potions of curing
 x - a potion of degeneration {unknown}
Miscellaneous
 p - an ornate deck of escape
 w - a plain deck of summoning {drawn: 1}
 y - a plain deck of destruction
Comestibles
 b - 11 rations
 o - 3 chunks of flesh


   Skills:
 + Level 4.0 Fighting
 + Level 4.1 Dodging
 + Level 2.5 Stealth
 * Level 6.4 Unarmed Combat


You had 6 spell levels left.
You didn't know any spells.

Dungeon Overview and Level Annotations

Branches:
Dungeon (10/15)
 Temple: D:4-7         Lair: D:8-11         Orc: D:9-12

Altars:
Fedhas
Kikubaaqudgha
Nemelex Xobeh
Sif Muna
Zin
The Shining One

Annotations:
D:9 Joseph


Innate Abilities, Weirdness & Mutations

You are too large for most types of armour.
You have claws for hands.
Your metabolism is lightning-fast.
You like to eat raw meat.
Your natural rate of healing is unusually fast.
You are covered in fur. (AC +1)
You have very tough skin. (AC +2)


Message History

* * * LOW HITPOINT WARNING * * *
The centaur hits you but does no damage.
As you read the scroll of immolation, it crumbles to dust.
The creatures around you are filled with an inner flame!
The quokka bites you.
* * * LOW HITPOINT WARNING * * *
The centaur barely misses you. The quokka misses you.
The centaur wields an uncursed shortbow.
The centaur shoots an arrow.
The arrow hits you!
* * * LOW HITPOINT WARNING * * *
The quokka barely misses you.
You see here an arrow.
The centaur shoots an arrow.
The arrow closely misses you.
You claw the quokka!
The quokka explodes!
The fiery explosion engulfs the centaur.
The centaur explodes!
The fiery explosion engulfs you! You resist.
You die...
Your body glows slightly and disappears.

.# ##########.#
#..........#####
#..............#
#..............##
#................
......§§§§.......
#...§§§@(..[...
####§§§§.......
#...##+####.
#...# #...# #...#
#...# #....


There were no monsters in sight!

Vanquished Creatures
  An eye of draining (D:10)
  A centaur (D:10)
  A crimson imp (D:5)
  A hound (D:3)
  A jelly (D:5)
  A bullfrog skeleton (D:4)
  2 iguanas
  4 worker ants
  8 adders
  3 gnolls (D:5)
  A shadow imp (D:4)
  2 worms
  A leopard gecko (D:2)
  5 giant cockroaches
  8 goblins
  7 hobgoblins
  4 jackals (D:1)
  2 quokkas
  2 bats
  2 frilled lizards (D:3)
  A giant cockroach zombie (D:5)
  A jackal skeleton (D:4)
  6 kobolds
  A quokka skeleton (D:4)
  5 rats
  A fungus (D:3)
  A plant (D:2)
73 creatures vanquished.

Vanquished Creatures (collateral kills)
  The ghost of motoroller71 the Cutter, a novice HuFi (D:5)
  A phantom (D:5)
  An ogre (D:5)
  4 gnolls (D:5)
7 creatures vanquished.

Grand Total: 80 creatures vanquished

Notes
Turn   | Place    | Note
-------+----------+-------------------------------------------
     0 | D:1      | Peterchen the Troll Monk began the quest for the Orb.
     0 | D:1      | Reached XP level 1. HP: 22/22 MP: 0/0
   271 | D:1      | Reached XP level 2. HP: 28/29 MP: 1/1
   754 | D:2      | Found a blossoming altar of Fedhas.
   755 | D:2      | Found an ancient bone altar of Kikubaaqudgha.
   837 | D:2      | Reached XP level 3. HP: 34/36 MP: 2/2
  1173 | D:2      | Found a glowing golden altar of the Shining One.
  1256 | D:2      | Reached XP level 4. HP: 44/44 MP: 3/3
  1443 | D:3      | Reached skill level 4 in Unarmed Combat
  1920 | D:4      | Reached XP level 5. HP: 49/53 MP: 4/4
  2140 | D:4      | Found Zin's Purification Station.
  2143 | D:4      | Found a glowing silver altar of Zin.
  2152 | D:4      | Bought a potion of curing for 90 gold pieces
  2438 | D:4      | Found a sparkling altar of Nemelex Xobeh.
  2441 | D:4      | Became a worshipper of Nemelex Xobeh the Trickster
  2441 | D:4      | Received a gift from Nemelex Xobeh
  2441 | D:4      | Reached * piety under Nemelex Xobeh
  2441 | D:4      | Received a gift from Nemelex Xobeh
  2441 | D:4      | Reached ** piety under Nemelex Xobeh
  2516 | D:5      | Entered Level 5 of the Dungeon
  2516 | D:5      | Noticed an ogre
  2522 | D:5      | Killed an ogre
  2522 | D:5      | Reached XP level 6. HP: 61/61 MP: 5/5
  2528 | D:5      | Noticed motoroller71's ghost (novice HuFi)
  2539 | D:5      | Killed motoroller71's ghost
  2539 | D:5      | Reached skill level 5 in Unarmed Combat
  2546 | D:5      | Reached XP level 7. HP: 65/67 MP: 6/6
  2663 | D:5      | Received a gift from Nemelex Xobeh
  2772 | D:5      | Found a deep blue altar of Sif Muna.
  2936 | D:5      | Reached skill level 6 in Unarmed Combat
  3125 | D:6      | You fall through a shaft for 3 floors!
  3125 | D:9      | Noticed Joseph
  3129 | D:10     | Entered Level 10 of the Dungeon
  3148 | D:10     | Killed from afar by a quokka

Vault maps used:
D:1:      scummos_arrival_simple_crosswalls, minmay_misc_feat_five,
          minmay_pentomino_z4
D:2:      grunt_temple_overflow_growth_and_decay, tso_altar, first_ration,
          minmay_misc_feat_enclosed
D:3:      minmay_gold_behind_fungi
D:4:      lemuel_doored_altar, zin_purify, grunt_ministairs_3
D:5:      nicolae_overflow_hidden_temple, st_stairs_13, serial_bayou_pond_b
D:6:      overflow_temple_1_default, minmay_temple_entry_statues_pillars,
          serial_shops, shop
D:9:      lemuel_round_altar, lemuel_crystal_altar, grunt_gozag_statues,
          lair_entry_dummy, uniq_erica, uniq_grum, uniq_joseph
D:10:     uniq_snorg, uniq_erolcha

Skill      XL: |  1  2  3  4  5  6  7 |
---------------+----------------------+-----
Unarmed Combat | 4 5 6 |  6.4
Fighting       | 3 4 |  4.0
Dodging        | 3 4 |  4.1
Stealth        | 2 |  2.5

Action                   |  1- 3 |  4- 6 |  7- 9 || total
-------------------------+-------+-------+-------++-------
Melee: Unarmed           |    82 |    99 |    50 ||   231
       Punch             |       |     3 |     2 ||     5
Evoke: Deck              |       |     1 |       ||     1
  Use: Scroll            |     1 |     9 |     2 ||    12
 Stab: Sleeping          |     2 |     2 |     2 ||     6
  Eat: Chunk             |    16 |    12 |     6 ||    34
Armor: Robe              |    24 |    19 |    14 ||    57
Dodge: Dodged            |    40 |    35 |    26 ||   101

Table legend:
 A = Spawn XP
 B = Non-spawn XP
 C = Spawn XP percentage of total XP
 D = Spawn monster count
 E = Non-spawn monster count
 F = Spawn count percentage of total count
 G = Total turns spent on level
                    A         B        C        D         E        F      G
               +---------+---------+-------+---------+---------+-------+---------
         Total |       0 |    1316 |   0.0 |       0 |      78 |   0.0 |  3148
               +---------+---------+-------+---------+---------+-------+---------
           D:1 |       0 |      22 |   0.0 |       0 |      12 |   0.0 |   645
           D:2 |       0 |      76 |   0.0 |       0 |      15 |   0.0 |   762
           D:3 |       0 |      93 |   0.0 |       0 |      19 |   0.0 |   503
           D:4 |       0 |     175 |   0.0 |       0 |      11 |   0.0 |   606
           D:5 |       0 |     667 |   0.0 |       0 |      17 |   0.0 |   556
           D:6 |       0 |      38 |   0.0 |       0 |       2 |   0.0 |    53
          D:10 |       0 |     245 |   0.0 |       0 |       2 |   0.0 |    19
               +---------+---------+-------+---------+---------+-------+---------
